 Dungeon Crawl Stone Soup version 0.16-a0-3913-g9d9d7ce (webtiles) character file.

241 Eptagon the Insei (level 6, -1/42 HPs)
             Began as an Octopode Monk on Feb 4, 2015.
             Slain by a kobold
             ... wielding a +0 short sword
              (4 damage)
             ... on level 4 of the Dungeon.
             The game lasted 00:08:07 (2297 turns).

Eptagon the Insei (Octopode Monk)                   Turns: 2297, Time: 00:08:07

Health: -1/42      AC:  1    Str: 15    XL:     6   Next: 8%
Magic:  6/6        EV: 13    Int: 12    God:
Gold:   188        SH:  0    Dex: 16    Spells: 0 memorised, 5 levels left

rFire  . . .     SeeInvis .       - Unarmed
rCold  . . .     Clarity  .     (no shield)
rNeg   . . .     SustAb   .     (helmet restricted)
rPois  .         Gourm    .     p - amulet of resist mutation
rElec  .         Spirit   .     v - +4 ring of strength
rCorr  .         Warding  .     s - +3 ring of slaying
rMut   +         Stasis   .     (no ring)
MR     .....                    (no ring)
Stlth  +++.......               (no ring)
                                (no ring)
                                (no ring)
                                (no ring)

@: not resistant to hostile enchantments, fairly stealthy
A: almost no armour, amphibious, 8 rings, constrict 8, camouflage 1, gelatinous
body 1
a: no special abilities


You were on level 4 of the Dungeon.
You were not hungry.

You visited 1 branch of the dungeon, and saw 4 of its levels.

You collected 188 gold pieces.

Inventory:

Hand weapons
 a - a +0 blowgun
Missiles
 t - 2 curare-tipped needles
 w - 21 poisoned needles
Jewellery
 i - an uncursed amulet of faith
 p - an amulet of resist mutation (around mantle)
 s - a +3 ring of slaying (right tentacle)
 v - a +4 ring of strength (left tentacle)
Scrolls
 c - 4 scrolls of identify {unknown}
 d - 3 scrolls of magic mapping {unknown}
 e - a scroll of random uselessness {unknown}
 j - 2 scrolls of recharging {unknown}
 o - 2 scrolls of noise {unknown}
 q - a scroll of teleportation {unknown}
 u - a scroll of fear {unknown}
Potions
 f - a potion of curing {unknown}
 g - a potion of mutation {unknown}
 h - a potion of ambrosia {unknown}
 k - a potion of beneficial mutation {unknown}
 l - a potion of haste {unknown}
 m - a potion of brilliance {unknown}
 n - a potion of flight {unknown}
Comestibles
 b - 2 bread rations
 r - 3 beef jerkies
 x - a meat ration
 z - a chunk of flesh


   Skills:
 - Level 3.0 Fighting
 - Level 3.0 Dodging
 - Level 2.6 Stealth
 + Level 7.1 Unarmed Combat


You had 5 spell levels left.
You didn't know any spells.

Dungeon Overview and Level Annotations

Branches:
Dungeon (4/15)
 Temple: D:4-7

Altars:
Gozag


Innate Abilities, Weirdness & Mutations

You cannot wear most types of armour.
You are amphibious.
You can wear up to eight rings at the same time.
You can use your tentacles to constrict many enemies at once.
Your skin changes colour to match your surroundings (Stealth).
Your rubbery body absorbs attacks (AC +1).


Message History

Items here: )) [ † a giant club; a flail; a scale mail; an ogre corpse The orc hits you with a mace.
Found a scroll labeled CUOFUONIA.
The kobold hits you with a short sword.
* * * LOW HITPOINT WARNING * * *
You are too injured to fight recklessly!
You are too injured to fight recklessly!
You closely miss the kobold. Your grab misses the kobold.
You squeeze the kobold.
The kobold is severely wounded.
The kobold hits you with a short sword.
* * * LOW HITPOINT WARNING * * *
You barely miss the kobold. Your grab misses the kobold.
The kobold is severely wounded.
The kobold completely misses you. The orc hits you with a mace.
* * * LOW HITPOINT WARNING * * *
The kobold closely misses you. The kobold hits you with a short sword.
You die...

## ### .. ... #.
#.### #. #...#####
#. #........
####.##.....#
#....@.o....# #
#.....K.....#.#
#............?#
#.......##.#########
#........#.)<......#
#........###.#####.#
########....)....#
#####.....# #.....#


You could see an orc and a kobold.

Vanquished Creatures
  An ogre (D:4)
  Natasha (D:3)
  5 adders
  3 worms
  2 giant geckos
  8 orcs
  A bat skeleton (D:3)
  A giant cockroach (D:1)
  4 goblins
  6 hobgoblins
  2 jackals (D:3)
  10 kobolds
  2 oozes
  A ball python (D:2)
  9 bats
  5 giant newts (D:2)
  2 quokkas (D:3)
  7 rats
70 creatures vanquished.

Notes
Turn   | Place    | Note
--------------------------------------------------------------
     0 | D:1      | Eptagon, the Octopode Monk, began the quest for the Orb.
     0 | D:1      | Reached XP level 1. HP: 16/16 MP: 1/1
   117 | D:1      | Reached XP level 2. HP: 21/21 MP: 2/2
   650 | D:1      | Reached XP level 3. HP: 19/26 MP: 3/3
   824 | D:2      | Reached skill level 5 in Unarmed Combat
  1011 | D:2      | Reached XP level 4. HP: 25/31 MP: 4/4
  1405 | D:3      | Noticed Natasha
  1420 | D:3      | Killed Natasha
  1442 | D:3      | Reached skill level 6 in Unarmed Combat
  1810 | D:3      | Reached XP level 5. HP: 36/36 MP: 5/5
  2016 | D:3      | Found an opulent altar of Gozag.
  2283 | D:4      | Noticed an ogre
  2288 | D:4      | Killed an ogre
  2288 | D:4      | Reached skill level 7 in Unarmed Combat
  2288 | D:4      | Reached XP level 6. HP: 19/42 MP: 6/6
  2297 | D:4      | Slain by a kobold

Action                   |  1- 3 |  4- 6 || total
-------------------------+-------+-------++-------
Melee: Unarmed           |    71 |    74 ||   145
 Stab: Sleeping          |    14 |     2 ||    16
       Distracted        |     1 |       ||     1
  Eat: Chunk             |       |     4 ||     4
